 Dungeon Crawl Stone Soup version 0.28.0-53-g5a82cb258f (webtiles) character file.

Game seed: 8441457398184938849

1899 H0rd4k the Cudgeller (level 9, 0/66 HPs)
             Began as a Human Artificer on June 23, 2022.
             Shot with an arrow by a centaur (3 damage)
             ... on level 7 of the Dungeon.
             The game lasted 00:15:29 (9952 turns).

H0rd4k the Cudgeller (Human Artificer)              Turns: 9952, Time: 00:15:29

Health: 0/66       AC: 12    Str: 14    XL:     9   Next: 38%
Magic:  11/11      EV: 13    Int: 19    God:
Gold:   348        SH:  0    Dex: 14    Spells: 11/11 levels left

rFire   . . .      SeeInvis .   x - +8 trident of Vew Uch {vorpal, Contam Int+5 Stlth+}
rCold   . . .      Faith    +   (no shield)
rNeg    . . .      Spirit   .   b - +0 leather armour
rPois   .          Reflect  .   (no helmet)
rElec   .          Harm     .   (no cloak)
rCorr   .          Rampage  .   i - +0 pair of gloves
Will    .....                   (no boots)
Stlth   +++.......              B - amulet of faith
HPRegen 0.21/turn               n - +4 ring of protection
MPRegen 0.12/turn               z - +4 ring of protection

@: no status effects
A: no striking features
a: no special abilities


You were on level 7 of the Dungeon.
You visited 1 branch of the dungeon, and saw 7 of its levels.
You also visited: Bailey.

You collected 348 gold pieces.

Inventory:

Hand Weapons
 a - a +0 club
 x - the +8 trident of Vew Uch (weapon) {vorpal, Contam Int+5 Stlth+}
   (You took it off a kobold in a bailey)

   It inflicts extra damage upon your enemies.
   Int:       It affects your intelligence (+5).
   Contam:    It causes magical contamination when unequipped.
   Stlth:     It makes you more stealthy.
 y - a +2 dagger of draining
 D - the +5 hunting sling of the Leaping Firefly {flame, rElec rPois Int+4 Dex-2}
   (You found it on level 7 of the Dungeon)

   Any ammunition fired from it burns those it strikes, dealing additional fire
   damage.
   Int:       It affects your intelligence (+4).
   Dex:       It affects your dexterity (-2).
   rElec:     It insulates you from electricity.
   rPois:     It protects you from poison.
Missiles
 d - 14 sling bullets
 j - 9 poisoned darts (quivered)
 u - a throwing net
Armour
 b - a +0 leather armour (worn)
 i - a +0 pair of gloves (worn)
 q - a +0 pair of gloves
Magical Staves
 l - a staff of poison
Jewellery
 c - an amulet of regeneration
 n - a +4 ring of protection (left hand)
 p - a ring of see invisible
 z - a +4 ring of protection (right hand)
 A - a +4 ring of evasion
 B - an amulet of faith (around neck)
 F - a +4 ring of evasion
Wands
 t - a wand of iceblast (1)
Scrolls
 g - 2 scrolls of teleportation
 m - a scroll of identify
 o - a scroll of noise
 s - a scroll of magic mapping
 v - a scroll of fog {unknown}
Potions
 f - a potion of resistance
 h - a potion of brilliance
 k - 3 potions of curing
 r - a potion of lignification
 w - a potion of invisibility
 C - a potion of attraction
 E - a potion of haste {unknown}
Miscellaneous
 e - a piece from Xom's chessboard (15/15)


   Skills:
 + Level 4.5 Fighting
 + Level 4.2 Short Blades
 + Level 5.8 Maces & Flails
 + Level 1.6 Polearms
 + Level 2.2 Armour
 + Level 5.2 Dodging
 + Level 1.7 Stealth
 * Level 1.6 Spellcasting
 + Level 5.1 Evocations


You had 11 spell levels left.
You didn't know any spells.
Your spell library contained the following spells:

 Spells                   Type           Power      Damage    Failure   Level
 Animate Skeleton         Necr           2%         N/A       22%         1
 Pain                     Necr           4%         1d4       22%         1
 Ensorcelled Hibernation  Hex/Ice        2%         N/A       32%         2
 Passwall                 Tmut/Erth      0%         N/A       32%         2
 Ozocubu's Armour         Ice            1%         N/A       54%         3
 Swiftness                Air            1%         N/A       54%         3
 Tukima's Dance           Hex            1%         N/A       54%         3
 Vampiric Draining        Necr           1%         2d6       54%         3
 Anguish                  Hex/Necr       0%         N/A       91%         4
 Passage of Golubria      Tloc           1%         N/A       91%         4
 Metabolic Englaciation   Hex/Ice        0%         N/A       99%         5
 Silence                  Hex/Air        0%         N/A       99%         5
 Simulacrum               Ice/Necr       0%         N/A       100%        6
 Enfeeble                 Hex            0%         N/A       100%        7
 Lehudib's Crystal Spear  Conj/Erth      0%         10d2      100%        8


Dungeon Overview and Level Annotations

Branches:
Dungeon (7/15)             Bailey (visited)
 Temple: D:4-7

Altars:

Annotations:
D:3 exclusion: orc wizard, Terence
D:4 exclusion: iguana
D:5 exclusions: ice beast and upstairs
D:6 exclusions: upstairs and water moccasin


Message History

The centaur shoots an arrow.
The arrow hits you but does no damage.
You reach to attack!
You barely miss the centaur.
The centaur shoots an arrow.
The arrow barely misses you.
The centaur shoots an arrow.
The arrow misses you.
You reach to attack!
You hit the centaur.
The centaur is moderately wounded.
The centaur shoots an arrow.
The arrow barely misses you.
The centaur shoots an arrow.
The arrow hits you.
You hit the sky beast.
The sky beast is lightly wounded.
The sky beast flickers out of sight!
Deactivating autopickup; reactivate with Ctrl-A.
Something barely misses you.
The centaur shoots an arrow.
The arrow hits you! Something you can't see is in the way.
You closely miss something.
The centaur shoots an arrow.
The arrow misses you. Something hits you but does no damage.
The centaur shoots an arrow.
The arrow completely misses you.
You reach to attack!
You hit the centaur.
The centaur is heavily wounded.
The centaur shoots an arrow.
The arrow closely misses you. Something hits you but does no damage.
The centaur shoots an arrow.
Something you can't see is in the way.
You barely miss something. Your punch misses something.
Something hits you but does no damage. x2
You reach to attack!
You hit the centaur.
The centaur is severely wounded.
The centaur shoots an arrow.
The arrow hits you!
The centaur shoots an arrow.
Something hits you. Something shocks you.
* * * LOW HITPOINT WARNING * * *
You are too injured to fight recklessly!
You are too injured to fight recklessly!
You are too injured to fight recklessly!
The centaur shoots an arrow. x2; The arrow closely misses you.
Aiming: Iceblast
Press: ? - help, Shift-Dir - straight line, f/p - centaur
Aim: a centaur, wielding a +0 shortbow and quivering arrows (severely wounded)
The mass of ice explodes!
The iceblast engulfs something!
Reactivating autopickup.
You feel a bit more experienced. The iceblast engulfs you!
* * * LOW HITPOINT WARNING * * *
The centaur shoots an arrow.
The arrow hits you.
You die...

##... ##..## #..###
## ##..### ...
##...... ....
#..|.... .....
##....... #....####
##....#...
#.c.†@####
##..####...
####.....###.###
#... ###......##
#... #####..## ##.[
######.......####
#..
###...............#
##.
#.................#
##
#.................#
#.................#


You could see a centaur.

Vanquished Creatures
  A steam dragon (D:7)
  4 orc warriors (Bailey)
  2 black bears
  An ice beast (D:6)
  3 sky beasts
  A bullfrog (D:6)
  A wyvern zombie (D:7)
  3 centaur zombies
  A jelly (D:7)
  A centaur skeleton (D:6)
  A bullfrog skeleton (D:5)
  2 hounds
  3 orc priests
  An iguana (D:6)
  3 orc wizards
  A killer bee zombie (D:7)
  A gnoll (Bailey)
  4 adders
  A white imp (D:5)
  4 worms
  2 adder skeletons (D:4)
  3 dart slugs
  12 orcs
  2 bats
  5 endoplasms
  4 giant cockroaches
  11 goblins
  6 hobgoblins
  7 jackals
  13 kobolds
  6 quokkas
  3 ball pythons
  3 frilled lizards
  6 rats
122 creatures vanquished.

Vanquished Creatures (collateral kills)
  A black bear (D:5)
  An ogre (D:5)
  An orc priest (D:3)
  An adder (D:4)
  A dart slug (D:4)
  4 orcs
  2 endoplasms (D:4)
  A goblin (D:3)
  3 hobgoblins
  A jackal (D:4)
  A kobold (D:4)
  A ball python (D:4)
18 creatures vanquished.

Vanquished Creatures (others)
  A scorpion (D:3)
  2 adders
  An orc (D:3)
  A giant cockroach (D:1)
5 creatures vanquished.

Grand Total: 145 creatures vanquished

Notes
Turn   | Place    | Note
-------+----------+-------------------------------------------
     0 | D:1      | H0rd4k the Human Artificer began the quest for the Orb.
     0 | D:1      | Reached XP level 1. HP: 15/15 MP: 1/1
    42 | D:1      | Reached XP level 2. HP: 2/21 MP: 2/2
  1019 | D:1      | HP: 1/21 [hobgoblin (4)]
  1368 | D:1      | Found a faded altar of an unknown god.
  1377 | D:1      | Reached XP level 3. HP: 21/26 MP: 3/3
  1765 | D:2      | HP: 1/26 [poisoned by an adder]
  1885 | D:2      | Reached skill level 1 in Maces & Flails
  2184 | D:2      | Reached XP level 4. HP: 18/32 MP: 4/4
  2353 | D:2      | HP: 1/32 [worm (10)]
  3467 | D:3      | Noticed a scorpion
  3836 | D:3      | Reached XP level 5. HP: 28/38 MP: 5/5
  3854 | D:3      | Noticed Terence
  5005 | D:4      | Reached XP level 6. HP: 35/44 MP: 6/6
  5922 | D:4      | Noticed an ogre
  5962 | D:5      | Entered Level 5 of the Dungeon
  6189 | D:5      | Noticed an ice beast
  6737 | D:5      | Noticed a sky beast
  6738 | D:5      | Noticed a black bear
  6743 | D:5      | Noticed an ogre
  6749 | D:5      | Killed a black bear
  6754 | D:5      | Killed an ogre
  6755 | D:5      | Reached XP level 7. HP: 28/51 MP: 7/7
  7083 | D:5      | Noticed a yak
  7083 | D:5      | Noticed a yak
  7743 | D:6      | Reached skill level 5 in Maces & Flails
  7743 | D:6      | Reached XP level 8. HP: 55/58 MP: 8/8
  7801 | D:6      | Reached skill level 1 in Short Blades
  8210 | D:7      | Found a flagged portal.
  8253 | D:7      | Identified the +5 hunting sling of the Leaping Firefly
                  | {flame, rElec rPois Int+4 Dex-2}
  8373 | Bailey   | Entered a bailey
  8914 | Bailey   | Reached skill level 5 in Dodging
  8914 | Bailey   | Reached XP level 9. HP: 21/65 MP: 9/9
  8950 | Bailey   | HP: 2/65 [orc warrior/+0 war axe (11)]
  9057 | Bailey   | Identified the +8 trident of Vew Uch {vorpal, Contam Int+5
                  | Stlth+}
  9251 | D:7      | Reached skill level 1 in Spellcasting
  9251 | D:7      | Reached skill level 5 in Evocations
  9685 | D:7      | Reached skill level 1 in Polearms
  9952 | D:7      | HP: 3/66 [shot self (14)]
  9952 | D:7      | Shot with an arrow by a centaur

Illustrated notes

Levels and vault maps discovered:
D:1:      minmay_arrival_semitransparent, layout_basic,
          ebering_ecumenical_altar_sacrificial
D:2:      layout_rooms
D:3:      layout_loops_ring, uniq_terence
D:4:      minmay_wonky_spiral, layout_basic, minmay_joined_circles
D:5:      layout_basic, minmay_temple_entry_trees, grunt_decor_arrowhead,
          minmay_misc_feat_chi, minmay_misc_feat_alley
D:6:      layout_loops_ring, corexii_shack
D:7:      layout_cave_pods, enter_bailey_5, skrybe_limestone_x,
          nrook_mini_backslash

Skill      XL: |  1  2  3  4  5  6  7  8  9 |
---------------+----------------------------+-----
Maces & Flails | 1 2 4 5 |  5.8
Dodging        | 2 3 5 |  5.2
Fighting       | 2 3 4 |  4.5
Evocations     | 4 5 |  5.1
Short Blades   | 3 4 |  4.2
Spellcasting   | 1 |  1.6
Polearms       | 1 |  1.6
Armour         | |  2.2
Stealth        | |  1.7

Action                   |  1- 3 |  4- 6 |  7- 9 || total
-------------------------+-------+-------+-------++-------
Melee: Club              |   127 |   298 |    82 ||   507
       Punch             |       |     3 |     6 ||     9
       Dagger            |       |       |   164 ||   164
       Trident           |       |       |    45 ||    45
Evoke: Wand              |    16 |    25 |    19 ||    60
       Piece from Xom's  |       |     1 |     1 ||     2
  Use: Potion            |     2 |       |     4 ||     6
       Scroll            |       |       |    10 ||    10
 Stab: Sleeping          |     2 |       |     2 ||     4
       Paralysed         |       |       |    38 ||    38
Armor: Leather armour    |    49 |   106 |   114 ||   269
       Skin              |       |       |    23 ||    23
Dodge: Dodged            |    95 |   210 |   206 ||   511
